 Dungeon Crawl Stone Soup version 0.30-a0-358-g0d69a1922f (webtiles) character file.

Game seed: 1750699844662141574

428 oldmanjim the Ogre Mage (level 6, -10/61 HPs)
             Began as an Ogre Transmuter on Nov 10, 2022.
             Was a Follower of Vehumet.
             Engulfed by a steam dragon's steam (13 damage)
             ... on level 4 of the Dungeon.
             The game lasted 00:23:10 (4166 turns).

oldmanjim the Ogre Mage (Ogre Transmuter)           Turns: 4166, Time: 00:23:10

Health: -10/61     AC:  2    Str: 15    XL:     6   Next: 98%
Magic:  8/13       EV: 18    Int: 16    God:    Vehumet [*.....]
Gold:   266        SH:  5    Dex: 14    Spells: 9/15 levels left

rFire   . . .      SeeInvis .      - Unarmed
rCold   . . .      Faith    .    (shield currently unavailable)
rNeg    . . .      Spirit   .    (body armour currently unavailable)
rPois   x          Reflect  +    (helmet currently unavailable)
rElec   .          Harm     .    (cloak currently unavailable)
rCorr   .          Rampage  .    (gloves unavailable)
Will    .....                    (boots unavailable)
Stlth   +.........               w - amulet of reflection
HPRegen 0.30/turn                x - ring of flight
MPRegen 0.13/turn                (no ring)

@: spider-form, wereblooded, flying
A: venomous fangs, tiny, unfitting armour, (tough skin 1)
a: End Transformation, Renounce Religion


You were on level 4 of the Dungeon.
You worshipped Vehumet.
Vehumet was aware of your devotion.
You were a venomous arachnid creature.
You visited 2 branches of the dungeon, and saw 5 of its levels.

You collected 266 gold pieces.

Inventory:

Hand Weapons
 b - a +1 shortbow
 r - a +2 dagger of protection
 A - a +0 sling
Missiles
 i - 28 stones (quivered)
 o - 5 boomerangs
 s - 3 javelins
Armour
 a - a +1 robe (melded)
Jewellery
 w - an amulet of reflection (around neck)
 x - a ring of flight (left front leg)
Wands
 c - a wand of flame (12)
Scrolls
 f - 4 scrolls of teleportation
 g - 2 scrolls of enchant armour
 j - a scroll of poison
 l - a scroll of butterflies
 n - a scroll of blinking
Potions
 d - a potion of ambrosia {unknown}
 e - 3 potions of invisibility
 h - a potion of attraction
 k - a potion of berserk rage
 m - 2 potions of lignification
 p - 2 potions of curing
 q - 2 potions of resistance {unknown}
 u - a potion of brilliance {unknown}


   Skills:
 - Level 3.0 Fighting
 - Level 1.7 Dodging
 - Level 2.6 Unarmed Combat
 - Level 5.0 Spellcasting
 + Level 4.3 Transmutations
 + Level 1.0 Ice Magic
 - Level 2.0 Poison Magic


You had 9 spell levels left.
You knew the following spells:

 Your Spells              Type           Power      Damage    Failure   Level
a - Beastly Appendage     Tmut           34%        N/A       10%         1
b - Wereblood             Tmut           17%        N/A       12%         2
c - Spider Form           Tmut/Pois      14%        N/A       28%         3

Your spell library contained the following spells:

 Spells                   Type           Power      Damage    Failure   Level
 Freeze                   Ice            28%        1d5       24%         1
 Ice Form                 Ice/Tmut       12%        N/A       67%         4


Dungeon Overview and Level Annotations

Branches:
Dungeon (4/15)             Temple (1/1) D:4

Altars:
Ashenzari
Cheibriados
Elyvilon
Fedhas
Gozag
Hepliaklqana
Kikubaaqudgha
Makhleb
Nemelex Xobeh
Okawaru
Qazlal
Ru
Sif Muna
Trog
Uskayaw
Vehumet
Wu Jian
Xom
Yredelemnul
Zin
The Shining One

Shops:
D:2 :


Innate Abilities, Weirdness & Mutations

You are a venomous arachnid creature.
You have poisonous fangs.
You are tiny and dextrous.
Your spellcasting is less reliable in this form.
Your armour is entirely melded.
You are incapable of wielding weapons or throwing items.
You are too large for most types of armour.
((You have tough skin. (AC +1)))


Message History

The steam dragon is lightly wounded.
You howl as the wereblood boils in your veins!
You block the steam dragon's attack. The steam dragon claws you.
Casting: Wereblood (safe; 3% risk of failure)
Confirm with . or Enter, or press ? or * to list all spells.
You turn into a venomous arachnid creature.
Your +1 robe melds into your body.
The steam dragon completely misses you. The steam dragon misses you.
The steam dragon breathes steam at you. The ball of steam hits you!
* * * LOW HITPOINT WARNING * * *
You hit the steam dragon.
The steam dragon is lightly wounded.
You are engulfed in a cloud of scalding steam.
* * * LOW HITPOINT WARNING * * *
Unknown command.
Blink to where?
Press: ? - help, Dir - move target, f - you
Okay, then.
You feel much better.
You hiss as the wereblood boils in your veins!
You are engulfed in a cloud of scalding steam.
* * * LOW HITPOINT WARNING * * *
The steam dragon breathes steam at you. The ball of steam misses you.
You bite the steam dragon!
The steam dragon is poisoned.
The steam dragon is moderately wounded.
You are engulfed in a cloud of scalding steam.
* * * LOW HITPOINT WARNING * * *
The steam dragon closely misses you. The steam dragon barely misses you.
You hit the steam dragon.
The steam dragon is heavily wounded.
You are engulfed in a cloud of scalding steam.
* * * LOW HITPOINT WARNING * * *
The steam dragon closely misses you. x2
You hit the steam dragon.
The steam dragon looks as sick as possible!
The steam dragon is heavily wounded.
You are engulfed in a cloud of scalding steam.
You die...

##.##.##......##c#
###....÷####
...##.##.#.......#
##........ .####.#
..# #########
.####.####.# #.#
###........# #.#
......###### ..#
....######## #.#
#........... #D#
#.########## #s#
#.# #.###### ..#
#/...†.# ### ###
#§####.# #..
#.####.## #.#
#.§.....# #<#
######..# #.# #..#
#.# #..# #.#


You could see a steam dragon (extremely poisoned, catching breath).

Vanquished Creatures
  A centaur (D:4)
  A bullfrog (D:4)
  A scorpion (D:3)
  A jelly (D:3)
  A hound (D:4)
  An iguana (D:4)
  3 gnolls (D:4)
  3 adders
  2 worms
  3 dart slugs
  2 orcs (D:3)
  4 bats
  9 endoplasms
  3 giant cockroaches
  5 goblins
  9 hobgoblins
  4 jackals (D:4)
  2 quokkas
  8 ball pythons
  7 frilled lizards
  6 kobolds
  4 rats
80 creatures vanquished.

Vanquished Creatures (others)
  3 toadstools (D:1)
3 creatures vanquished.

Grand Total: 83 creatures vanquished

Notes
Turn   | Place    | Note
-------+----------+-------------------------------------------
     0 | D:1      | oldmanjim the Ogre Transmuter began the quest for the Orb.
     0 | D:1      | Reached XP level 1. HP: 19/19 MP: 3/3
   217 | D:1      | Reached XP level 2. HP: 26/27 MP: 5/5
   299 | D:1      | Reached skill level 3 in Spellcasting
   436 | D:1      | Learned a level 2 spell: Wereblood
   965 | D:2      | Reached XP level 3. HP: 32/33 MP: 2/7
  1093 | D:2      | Found a snail-covered altar of Cheibriados.
  1291 | D:2      | Found Soer's Book Shop.
  1609 | D:3      | Learned a level 3 spell: Spider Form
  1614 | D:3      | Noticed a scorpion
  1620 | D:3      | Killed a scorpion
  1621 | D:3      | Reached XP level 4. HP: 22/42 MP: 2/9
  1782 | D:3      | Found a radiant altar of Vehumet.
  1905 | D:3      | Reached skill level 4 in Spellcasting
  1911 | D:3      | Reached XP level 5. HP: 49/49 MP: 7/11
  1917 | D:3      | Reached skill level 1 in Poison Magic
  2159 | D:3      | Became a worshipper of Vehumet
  3056 | D:4      | Found a staircase to the Ecumenical Temple.
  3090 | Temple   | Entered the Ecumenical Temple
  3523 | D:4      | Noticed a centaur
  3524 | D:4      | Reached XP level 6. HP: 61/61 MP: 10/12
  3972 | D:4      | Reached * piety under Vehumet
  3972 | D:4      | Offered knowledge of Freeze by Vehumet.
  3980 | D:4      | Reached skill level 5 in Spellcasting
  4141 | D:4      | Noticed a steam dragon
  4156 | D:4      | Reached skill level 1 in Ice Magic
  4162 | D:4      | HP: 3/61 [steam dragon] (8)]
  4166 | D:4      | Engulfed by a steam dragon's steam

Illustrated notes

Levels and vault maps discovered:
D:1:      lightli_iron_boxes, layout_loops_ring, minmay_misc_feat_diagonals,
          minmay_gold_behind_fungi
D:2:      layout_rooms, basic_altar, serial_shops, shop, hex_large
D:3:      layout_loops_ring, vehumet_altar_wand_db, kennysheep_minor_cross,
          minmay_liquid_box
D:4:      layout_loops_ring, minmay_temple_entry_tees, minmay_unequal
Temple:   mainiacjoe_temple_cubbyholes

Skill      XL: |  1  2  3  4  5  6 |
---------------+-------------------+-----
Transmutations | 2 3 4 |  4.3
Spellcasting   | 3 4 5 |  5.0
Fighting       | 2 3 |  3.0
Poison Magic   | 1 2 |  2.0
Ice Magic      | 1 |  1.0
Dodging        | |  1.7
Unarmed Combat | |  2.6

Action                   |  1- 3 |  4- 6 || total
-------------------------+-------+-------++-------
Melee: Unarmed           |   106 |   151 ||   257
       Kick              |    23 |    32 ||    55
       Headbutt          |    12 |    13 ||    25
       Punch             |       |     2 ||     2
 Fire: Sling             |       |     1 ||     1
Throw: Stone             |     9 |     1 ||    10
 Cast: Beastly Appendage |    26 |    23 ||    49
       Wereblood         |     5 |     9 ||    14
       Spider Form       |     1 |     4 ||     5
  Use: Scroll            |       |    14 ||    14
       Potion            |       |     1 ||     1
Armor: Robe              |    17 |    31 ||    48
       Skin              |       |     4 ||     4
Dodge: Dodged            |    39 |    82 ||   121
Block: Other             |       |    26 ||    26

Table legend: (Time is in decaauts)
 A = Elapsed time spent in this place.
 B = Non-inter-level travel time spent in this place.
 C = Inter-level travel time spent in this place.
 D = Time resting spent in this place.
 E = Time spent auto-exploring this place.
 F = Levels seen in this place.
 G = Mean time per level.
                   A        B        C        D        E       F      G
               +--------+--------+--------+--------+--------+-----+--------+
         Total |   4150 |   3992 |    158 |    277 |   2957 |   5 |  830.0 |
       Dungeon |   3795 |   3689 |    106 |    277 |   2658 |   4 |  948.8 |
        Temple |    355 |    303 |     52 |      0 |    299 |   1 |  355.0 |
               +--------+--------+--------+--------+--------+-----+--------+

Top non-repeatable levels by time:
     D:3: 1352 daAuts
     D:1: 935 daAuts
     D:4: 787 daAuts
     D:2: 720 daAuts
  Temple: 355 daAuts
